 Dungeon Crawl Stone Soup version 0.30-a0-1114-gd936c97349 (webtiles) character file.

Game seed: 3864395162724596141

2389 cheesebisquit the Fighter (level 9, -2/71 HPs)
             Began as a Djinni Fire Elementalist on Apr 20, 2023.
             Was a Follower of Makhleb.
             Slain by a wraith (13 damage)
             ... on level 7 of the Dungeon.
             The game lasted 00:19:10 (6038 turns).

cheesebisquit the Fighter (DjFE)                    Turns: 6038, Time: 00:19:10

Health: -2/71      AC:  3    Str:  7    XL:     9   Next: 74%
Gold:   282        EV: 17    Int: 21    God:    Makhleb [*.....] SH:  0 Dex: 14

rFire   + + +      SeeInvis .    k - +3 dagger (holy)
rCold   . . .      Faith    .    (no shield)
rNeg    . . .      Spirit   .    a - +1 robe {rF+}
rPois   ∞          Reflect  .    (no helmet)
rElec   .          Rampage  .    e - scarf {repulsion}
rCorr   .                        (no gloves)
Will    .....                    (boots unavailable)
Stlth   ++                       v - amulet of the acrobat
HPRegen 0.31/turn                j - ring of protection from cold
MPRegen 0.00/turn                o - +5 ring of evasion

@: marked, flying, hasted and slowed, repel missiles
A: sickness immunity, fire resistance 2, cold vulnerability 1, float, innate
caster, HP casting, extra vitality 1
a: Renounce Religion


You were on level 7 of the Dungeon.
You worshipped Makhleb.
Makhleb was aware of your devotion.
You visited 2 branches of the dungeon, and saw 9 of its levels.

You collected 282 gold pieces.

Inventory:

Hand Weapons
 i - a +1 dagger of holy wrath
 k - a +3 dagger of holy wrath (weapon)
Missiles
 b - 3 boomerangs of dispersal
 z - 12 poisoned darts
Armour
 a - a +1 robe of fire resistance (worn)
 e - a scarf of repulsion (worn)
 F - a +1 robe of positive energy
Jewellery
 j - a ring of protection from cold (left hand)
 o - a +5 ring of evasion (right hand)
 t - a ring of protection from cold
 v - an amulet of the acrobat (around neck)
 A - a +4 ring of protection
 C - a ring of protection from fire
Wands
 y - a wand of mindburst (7)
 B - a wand of polymorph (10)
Scrolls
 d - a scroll of noise {unknown}
 f - 2 scrolls of vulnerability {unknown}
 h - a scroll of immolation {unknown}
 l - 2 scrolls of amnesia {unknown}
 n - 2 scrolls of identify {unknown}
 s - 3 scrolls of teleportation {unknown}
 x - a scroll of blinking {unknown}
Potions
 c - a potion of attraction {unknown}
 g - a potion of lignification {unknown}
 m - 2 potions of resistance {unknown}
 p - a potion of curing
 q - a potion of ambrosia {unknown}
 r - a potion of invisibility {unknown}
 u - a potion of might {unknown}
 w - 2 potions of haste
 E - a potion of mutation {unknown}


   Skills:
 + Level 8.7 Fighting
 - Level 2.1 Dodging
 - Level 1.5 Stealth
 + Level 7.2 Spellcasting


You knew the following spells:

 Your Spells              Type           Power      Damage    Failure   Level
a - Foxfire               Conj/Fire      100%       2x1d9     1%          1
b - Searing Ray           Conj           74%        2d7       1%          2
c - Volatile Blastmotes   Fire/Tloc      74%        2d16      1%          3
d - Inner Flame           Hex/Fire       37%        N/A       1%          3
e - Flame Wave            Conj/Fire      37%        2d10      4%          4
f - Summon Small Mammal   Summ           100%       N/A       1%          1
g - Dazzling Flash        Conj/Hex       74%        N/A       1%          3
h - Call Canine Familiar  Summ           37%        N/A       1%          3
z - Scorch                Fire           74%        2d8       1%          2
Your spell library was empty.

Dungeon Overview and Level Annotations

Branches:
Dungeon (8/15)             Temple (1/1) D:4
   Lair: D:8-11

Altars:
Ashenzari
Cheibriados
Dithmenos
Elyvilon
Gozag
Hepliaklqana
Makhleb
Nemelex Xobeh
Okawaru
Ru
Trog
Uskayaw
Wu Jian
Xom
Zin
The Shining One

Annotations:
D:3 exclusion: statue


Innate Abilities, Weirdness & Mutations

You are immune to sickness and miasma.
You are immune to poison.
Your flesh is very heat resistant. (rF++)
You are vulnerable to cold. (rC-)
You float through the air rather than walking.
You learn spells naturally, not from books.
Your magical power is your life essence.
You have superior vitality. (+4 MHP)


Message History

You conjure some foxfire!
* * * LOW HITPOINT WARNING * * *
Something hits you.
* * * LOW HITPOINT WARNING * * *
You are electrocuted!
* * * LOW HITPOINT WARNING * * *
Deactivating autopickup; reactivate with Ctrl-A.
The wraith barely misses you.
You feel much better.
The foxfire hits the wraith.
The wraith is lightly damaged.
The foxfire hits something but does no damage.
The wraith hits you but does no damage. Something barely misses you.
Casting: Foxfire (safe; 1% risk of failure)
Confirm with . or Enter, or press ? or * to list all spells.
Flames lash something.
Makhleb accepts your kill.
Reactivating autopickup.
You feel a bit more experienced. The wraith misses you.
Casting: Foxfire (safe; 1% risk of failure)
Press: ? - help, Q - select action, (/) - cycle Dir - look around, f - activate You conjure some foxfire!
The wraith hits you!
* * * LOW HITPOINT WARNING * * *
The wraith drains your vigour!
You feel yourself slow down.
Casting: Foxfire (safe; 1% risk of failure)
Confirm with . or Enter, or press ? or * to list all spells.
Flames lash the wraith.
The wraith is moderately damaged.
The wraith's fire resistance burns away.
* * * LOW HITPOINT WARNING * * *
The foxfire hits the wraith.
The wraith is burned terribly!
The wraith is heavily damaged.
The foxfire hits the wraith!
The wraith is burned terribly!
The wraith is severely damaged.
The wraith hits you!
* * * LOW HITPOINT WARNING * * *
It was a potion of haste.
You feel yourself speed up. The wraith misses you.
The wraith closely misses you.
It was a potion of curing.
You feel better. The wraith hits you!
You die...

##### #.###.#
##...##########...#'##
............#........#
............#........#
............#...)....#
##................#+##
.................##.#
...##............##.#
...............W@...#
...##.########.)...##
...##........#.....#
...##........#.....#
...##..............#
...##..............#
...##..............#
#####..............#
#####..............####


You could see a wraith (combustible).

Vanquished Creatures
  A water moccasin (D:5)
  Duvessa (D:4)
  3 ice beasts (D:6)
  3 black bears
  An orc warrior (D:7)
  2 phantoms
  2 scorpions
  5 wights (D:7)
  Dowan (D:4)
  A vampire bat (D:3)
  7 hounds
  3 gnoll boudas (D:5)
  3 iguanas
  6 orc wizards
  10 gnolls (D:5)
  6 adders
  A white imp (D:7)
  2 ufetubi (D:5)
  A worm (D:4)
  5 dart slugs (D:1)
  7 orcs
  4 bat skeletons (D:3)
  2 bat zombies (D:3)
  6 endoplasms
  4 giant cockroaches
  7 hobgoblins
  2 jackals (D:4)
  A quokka (D:2)
  7 ball pythons
  8 bats
  4 frilled lizards
  11 goblins
  12 kobolds
  6 rats
145 creatures vanquished.

Vanquished Creatures (collateral kills)
  Eustachio (D:4)
1 creature vanquished.

Vanquished Creatures (others)
  358 foxfires
358 creatures vanquished.

Grand Total: 504 creatures vanquished

Notes
Turn   | Place    | Note
-------+----------+-------------------------------------------
     0 | D:1      | cheesebisquit the Djinni Fire Elementalist began the quest
                  | for the Orb.
     0 | D:1      | cheesebisquit set off with the following spells memorised:
                  | Foxfire, Scorch, Volatile Blastmotes, Inner Flame, Flame
                  | Wave.
     0 | D:1      | Reached XP level 1. HP: 15/15 MP: 0/0
   104 | D:1      | Reached XP level 2. HP: 20/22 MP: 0/0
   110 | D:1      | Reached skill level 1 in Fighting
   350 | D:1      | Reached XP level 3. HP: 26/27 MP: 0/0
   350 | D:1      | Learned a level 1 spell: Summon Small Mammal
   518 | D:1      | Reached skill level 2 in Fighting
   588 | D:1      | Found a faded altar of an unknown god.
   904 | D:2      | Reached XP level 4. HP: 32/33 MP: 0/0
  1731 | D:3      | Noticed a phantom
  1736 | D:3      | Killed a phantom
  1737 | D:3      | Reached skill level 3 in Fighting
  1737 | D:3      | Reached XP level 5. HP: 34/40 MP: 0/0
  1737 | D:3      | Learned a level 2 spell: Searing Ray
  1838 | D:3      | Noticed a frost-covered statue
  2234 | D:3      | Reached XP level 6. HP: 44/47 MP: 0/0
  2421 | D:4      | Reached skill level 4 in Fighting
  2448 | D:4      | Found a burning altar of Makhleb.
  2450 | D:4      | Found a glowing silver altar of Zin.
  2450 | D:4      | Noticed an angel
  2451 | D:4      | Noticed an Executioner
  2453 | D:4      | Became a worshipper of Makhleb the Destroyer
  2639 | D:4      | Found a staircase to the Ecumenical Temple.
  2648 | Temple   | Entered the Ecumenical Temple
  2648 | Temple   | Found a transporter.
  2648 | Temple   | Found a transporter.
  2650 | Temple   | Found a transporter.
  2650 | Temple   | Found a transporter.
  2766 | D:4      | Reached XP level 7. HP: 47/53 MP: 0/0
  2766 | D:4      | Learned a level 3 spell: Dazzling Flash
  2800 | D:4      | Found a sparkling altar of Nemelex Xobeh.
  2915 | D:4      | Noticed Dowan
  2920 | D:4      | Killed Dowan
  2921 | D:4      | Noticed Duvessa
  2931 | D:4      | Killed Duvessa
  2932 | D:4      | Reached skill level 5 in Fighting
  3124 | D:4      | Noticed Eustachio
  3133 | D:4      | Killed Eustachio
  3165 | D:4      | Found a shadowy altar of Dithmenos.
  3246 | D:5      | Entered Level 5 of the Dungeon
  3250 | D:5      | Reached skill level 5 in Spellcasting
  3292 | D:5      | Found a white marble altar of Elyvilon.
  3301 | D:5      | Reached XP level 8. HP: 29/60 MP: 0/0
  3497 | D:5      | Reached skill level 6 in Fighting
  3670 | D:5      | Reached * piety under Makhleb
  4257 | D:6      | Reached skill level 7 in Fighting
  4263 | D:6      | Reached XP level 9. HP: 59/68 MP: 0/0
  4263 | D:6      | Learned a level 3 spell: Call Canine Familiar
  5112 | D:6      | Reached skill level 8 in Fighting
  6027 | D:8      | Noticed a hellwing
  6029 | D:8      | Noticed a hellwing
  6036 | D:7      | HP: 3/71 [wraith (10)]
  6038 | D:7      | Slain by a wraith

Illustrated notes

Levels and vault maps discovered:
D:1:      psy_arrival_dodecagon, layout_loops_ring,
          hellmonk_ecumenical_altar_leap_of_faith
D:2:      layout_basic
D:3:      layout_basic, kennysheep_vampire_church, vehumet_statue
D:4:      layout_gridville, grunt_dithmenos_smoke_and_mirrors,
          mainiacjoe_overflow_brackets, grunt_temple_overflow_order_and_chaos_2,
          minmay_temple_entry_poolview, uniq_eustachio, uniq_duvessa
D:5:      layout_rooms, elyvilon_altar_1, serial_curves, eino_curves_03,
          eino_curves_02
D:6:      layout_loops_cross, serial_bayou_crossing
D:7:      layout_basic, serial_curves, eino_curves_03, eino_curves_04
D:8:      cheibrodos_grave_circle, layout_rooms, led_sif_pool, uniq_joseph
Temple:   hellmonk_temple_divided_pantheon

Skill      XL: |  1  2  3  4  5  6  7  8  9 |
---------------+----------------------------+-----
Fighting       | 1 2 3 4 5 7 8 |  8.7
Spellcasting   | 3 4 5 6 7 |  7.2
Dodging        | |  2.1
Stealth        | |  1.5

Action                     |  1- 3 |  4- 6 |  7- 9 || total
---------------------------+-------+-------+-------++-------
  Melee: Unarmed           |     3 |       |       ||     3
         Dagger            |    11 |    13 |     2 ||    26
         Punch             |       |     1 |       ||     1
   Cast: Foxfire           |    47 |    57 |    98 ||   202
         Scorch            |       |    16 |    56 ||    72
         Inner Flame       |       |       |    15 ||    15
         Summon Small Mamm |       |       |     4 ||     4
    Use: Potion            |       |       |     5 ||     5
 Armour: Robe              |     4 |     3 |     2 ||     9
  Dodge: Dodged            |    16 |    29 |    46 ||    91
         Repelled          |     1 |     3 |       ||     4

Table legend: (Time is in decaauts)
 A = Elapsed time spent in this place.
 B = Non-inter-level travel time spent in this place.
 C = Inter-level travel time spent in this place.
 D = Time resting spent in this place.
 E = Time spent auto-exploring this place.
 F = Levels seen in this place.
 G = Mean time per level.
                   A        B        C        D        E       F      G
               +--------+--------+--------+--------+--------+-----+--------+
         Total |   6041 |   5655 |    386 |    201 |   4584 |   9 |  671.2 |
       Dungeon |   6007 |   5638 |    369 |    201 |   4577 |   8 |  750.9 |
        Temple |     33 |     16 |     17 |      0 |      7 |   1 |   33.0 |
               +--------+--------+--------+--------+--------+-----+--------+

Top non-repeatable levels by time:
     D:6: 1080 daAuts
     D:5: 970 daAuts
     D:1: 846 daAuts
     D:3: 825 daAuts
     D:4: 816 daAuts
     D:7: 738 daAuts
     D:2: 722 daAuts
  Temple: 33 daAuts
     D:8: 7 daAuts
